 Dungeon Crawl Stone Soup version 0.15.2 (webtiles) character file.

360776 magipi the Severer (level 22, -12/171 (181) HPs)
             Began as a Hill Orc Fire Elementalist on June 12, 2016.
             Was the Champion of Vehumet.
             Killed from afar by a revenant (32 damage)
             ... with a ghostly fireball
             ... on Level 3 of the Crypt on June 29, 2016.
             The game lasted 09:10:44 (88864 turns).

magipi the Severer (Hill Orc Fire Elementalist)    Turns: 88864, Time: 09:10:45

HP -12/171 (181) AC 22     Str 16 (17) XL: 22   Next: 44%
MP   0/38        EV 17     Int 21      God: Vehumet [******]
Gold 810         SH  0     Dex 12      Spells: 13 memorised,  3 levels left

rFire  + + .     SeeInvis .     b - +4 executioner's axe (holy)
rCold  + . .     Clarity  .     U - +4 leather armour of Frepuf {rF+}
rNeg   . . .     rCorr    .     (no shield)
rPois  .         rRot     .     E - +2 helmet
rElec  .         Spirit   +     C - +2 cloak
SustAb .         Warding  .     V - +2 pair of gloves {Str+3}
rMut   .         Rnd*Tele +     J - +2 pair of boots
Gourm  .                        u - amulet "Plog" {Spirit rF+ rC+}
MR     ++...                    t - ring of teleportation
                                m - ring of protection from magic

@: regenerating, slowed, constricted, repel missiles, very slow, very resistant
to hostile enchantments, fairly stealthy
A: no striking features
a: Renounce Religion, Evoke Teleportation
}: 2/15 runes: decaying, serpentine


You were on level 3 of the Crypt.
You worshipped Vehumet.
Vehumet was exalted by your worship.
You were not hungry.

You visited 10 branches of the dungeon, and saw 48 of its levels.
You visited 1 bazaar.
You also visited: Trove and Ossuary.

You collected 5253 gold pieces.
You spent 4443 gold pieces at shops.

Inventory:

Hand weapons
 a - a +2 hand axe of electrocution
 b - a +4 executioner's axe of holy wrath (weapon)
 e - the +2 battleaxe "Psia" {drain, +Inv rElec}
   (You took it off an orc on level 4 of the Vaults)

   A truly terrible weapon, it drains the life of those it strikes.
   It insulates you from electricity.
   It lets you turn invisible.
Missiles
 X - 3 throwing nets (quivered)
Armour
 C - a +2 cloak (worn)
 E - a +2 helmet (worn)
 J - a +2 pair of boots (worn)
 U - the +4 leather armour of Frepuf (worn) {rF+}
   (You bought it in a shop on level 4 of the Orcish Mines)

   It protects you from fire.
 V - a +2 pair of gloves of strength (worn)
Magical devices
 k - a wand of disintegration (7)
 z - a wand of polymorph (9)
 B - a wand of heal wounds (1)
 L - a wand of digging (14)
 O - a wand of teleportation (5)
 P - a wand of paralysis (2)
 S - a wand of invisibility (1)
Comestibles
 c - a meat ration
 l - 2 bread rations
Scrolls
 d - a scroll of summoning
 v - 2 scrolls of fog
 x - 9 scrolls of identify
 D - 2 scrolls of blinking
 G - 10 scrolls of magic mapping
 K - 3 scrolls of fear
 Q - 12 scrolls of remove curse
Jewellery
 f - an uncursed ring of protection from fire
 i - an uncursed ring of see invisible
 m - a ring of protection from magic (left hand)
 n - an uncursed ring of positive energy
 p - an uncursed ring of poison resistance
 q - an uncursed amulet of resist corrosion
 r - an uncursed ring of regeneration
 t - a ring of teleportation (right hand)
 u - the amulet "Plog" (around neck) {Spirit rF+ rC+}
   (You found it in a treasure trove)

   [amulet of guardian spirit]

   It causes incoming damage to be split between your health and magic.
   It protects you from fire.
   It protects you from cold.
 w - an uncursed ring of wizardry
 y - an uncursed amulet of clarity
 R - an uncursed amulet of resist mutation
Potions
 g - 13 potions of curing
 j - 11 potions of agility
 o - 3 potions of might
 s - a potion of porridge
 A - 4 potions of cancellation
 F - 4 potions of resistance
 M - 5 potions of invisibility
 N - 11 potions of restore abilities
 T - 6 potions of flight
 Y - 2 potions of haste
Miscellaneous
 h - a lamp of fire
 W - a phial of floods


   Skills:
 - Level 12.0 Fighting
 - Level 16.2 Axes
 - Level 6.0 Throwing
 - Level 11.5 Armour
 - Level 11.3 Dodging
 - Level 6.2 Stealth
 + Level 11.2 Spellcasting
 * Level 15.0 Conjurations
 - Level 13.9 Charms
 - Level 5.8 Necromancy
 - Level 4.6 Translocations
 + Level 15.9 Fire Magic
 + Level 5.3 Earth Magic
 - Level 12.5 Evocations


You had 3 spell levels left.
You knew the following spells:

 Your Spells              Type           Power        Failure   Level  Hunger
a - Apportation           Tloc           ####......   1%          1    None
b - Conjure Flame         Conj/Fire      ######..     1%          3    None
c - Sticky Flame          Conj/Fire      ######..     1%          4    #......
d - Animate Dead          Necr           N/A          6%          4    #......
e - Animate Skeleton      Necr           N/A          1%          1    None
f - Fireball              Conj/Fire      ######....   1%          5    ###....
g - Delayed Fireball      Conj/Fire      N/A          3%          7    #######
h - Iron Shot             Conj/Erth      ######....   4%          6    ######.
i - Flame Tongue          Conj/Fire      #####        0%          1    None
m - Repel Missiles        Chrm/Air       #####.       1%          2    None
r - Regeneration          Chrm/Necr      ######....   1%          3    None
B - Blink                 Tloc           N/A          1%          2    None
H - Haste                 Chrm           ######..     3%          6    ######.


Dungeon Overview and Level Annotations

Branches:
Dungeon (15/15)            Temple (1/1) D:5             Orc (4/4) D:11
    Elf (2/3) Orc:4          Lair (8/8) D:10          Swamp (5/5) Lair:5
  Snake (5/5) Lair:3        Slime (0/6) Lair:7       Vaults (4/5) D:13
  Crypt (3/3) Vaults:3       Tomb (0/3) Crypt:3      Depths (1/5) D:15

Altars:
Ashenzari
Cheibriados
Dithmenos
Elyvilon
Fedhas
Kikubaaqudgha
Makhleb
Nemelex Xobeh
Okawaru
Qazlal
Sif Muna
Trog
Vehumet
Xom
Yredelemnul
Zin
The Shining One
Beogh
Jiyva

Shops:
D:9 *=   D:11 (%   D:15 *[}!   Orc:4 }?([   Vaults:2 (   Vaults:4 !

Portals:
Hell: Depths:1

Annotations:
Elf:2 exclusion: silver statue
Snake:2 Jorgrun, Vashnia
Crypt:3 exclusion: curse skull
Depths:1 Norris

Vault maps used:
D:1:      dpeg_arrival_court, st_stairs_6
D:2:      nicolae_overflow_hidden_temple, tgw_xom, first_bread, uniq_iyjb
D:3:      fedhas_altar_1
D:4:      lemuel_angel_altar
D:5:      gammafunk_temple_overflow_statue, minmay_temple_entry_trees,
          gup_sewer_entry_pipe, nicolae_ossuary_entry_catacombs, minivault_14,
          minivault_1, trog_eyes_of_draining
D:6:      uniq_prince_ribbit1, uniq_eustachio, uniq_pikel
D:7:      overflow_temple_1_default, grunt_ogre_cave, minmay_item_behind_shaft,
          uniq_blork_the_orc, uniq_sigmund, uniq_crazy_yiuf_cottage,
          uniq_duvessa
D:8:      kennysheep_nub, bloody_makhleb, uniq_gastronok, uniq_joseph,
          uniq_edmund
D:9:      serial_shops, shop, nicolae_shop_overgrown_old_shop,
          kennysheep_crisscross
D:10:     erik_lair_dragon
D:11:     orc_david_3, serial_shops, shop, evilmike_butchery
D:13:     hangedman_vaults_entry_quadrant_bands
D:14:     basic_altar, nicolae_trove_entry_diagonal, minmay_curled_crystal,
          minmay_variable_closet
D:15:     gammafunk_depths_entry_grave, dk_noncrumbling_2, serial_shops,
          nicolae_shop_crystal, nicolae_shop_statue_plus, shop, shop
Temple:   temple_eino_lava_12
Orc:1:    uniq_erolcha
Orc:3:    nicolae_orc_pool_cavern, uniq_grum
Orc:4:    grunt_orc_community_town_hall, grunt_orc_community_big_house_1,
          grunt_orc_community_big_house_1, grunt_orc_community_house_1,
          grunt_orc_community_house_3, grunt_orc_community_house_2,
          grunt_orc_community_house_1, grunt_orc_community_house_1,
          grunt_orc_community_house_2
Elf:1:    eino_elf_arrival_altar, uniq_sonja, uniq_snorg, uniq_maud, uniq_agnes
Elf:2:    grunt_ministairs_2, statue_in_the_mist_lemuel
Lair:1:   nicolae_volcano_entry_lava_flow, serial_bayou_pond_b,
          small_statue_intersection, infiniplex_staircase_pool_2,
          grunt_megastairs_3
Lair:2:   statuecave_lemuel, infiniplex_staircase_pool
Lair:3:   dummy_snake_entry, lemuel_fruit_tree, serial_bayou_shore_a
Lair:5:   swamp_mist, st_stairs_8, uniq_nergalle
Lair:6:   nicolae_lair_yak_garden, serial_bayou_shore_b, serial_bayou_shore_b,
          grunt_megastairs_2
Lair:7:   minmay_lair_oklob_tunnel, slime_altar_2, lemuel_fruit_fields
Lair:8:   evilmike_catoblepas_cave
Swamp:1:  evilmike_swamp_ruin_house_6, swamp_pool2,
          cheibrodos_swamp_pet_leeches, uniq_rupert
Swamp:2:  basic_altar, swamp_pool1
Swamp:3:  nicolae_swamp_trees_clearing
Swamp:4:  nicolae_swamp_fairy_circle, uniq_wiglaf
Swamp:5:  swamp_fiery
Snake:2:  uniq_jorgrun, uniq_vashnia
Snake:3:  serial_shops, bzr_entry_safe
Snake:4:  st_stairs_7, serial_bayou_shore_b
Snake:5:  minmay_snake_end_coiled, uniq_aizul
Vaults:1: grunt_vaults_focal, vaults_room_octagon,
          nicolae_vaults_little_squares_5, vaults_room_door_hall,
          nicolae_vaults_windows_and_doors_thing, vaults_room_large_hall,
          nicolae_vaults_shelves_hall, vaults_dpeg_ring
Vaults:2: vaults_room_semicircle, v_pattern_1, st_lines, hangedman_vaults_maws,
          vaults_room_fours, v_misc_2, v_misc_25, nicolae_vaults_alarming,
          v_misc_5, grunt_vaults_hallway_long, vaults_room_hallway,
          serial_shops, shop
Vaults:3: minmay_crypt_entry_simple_plaza, hangedman_vaults_impose,
          vaults_room_octagon, nicolae_vaults_mini_display_case,
          st_smaller_cells, v_misc_11, v_misc_15,
          ontoclasm_vaults_decontamination, hangedman_vaults_river_flow,
          nicolae_vaults_three_branches, hangedman_vaults_restitches,
          vaults_room_large_hall, uniq_asterion
Vaults:4: ontoclasm_vaults_gateway, st_cross, ontoclasm_vaults_ring_square,
          hangedman_vaults_hat, vaults_mumra_minichess,
          nicolae_vaults_little_ls, ontoclasm_vaults_tryst,
          dpeg_vaults_monster_row, vaults_room_large_hall, v_misc_8,
          ontoclasm_vaults_loading_screen, v_misc_25, v_misc_30,
          nicolae_vaults_circle_grid_b, ontoclasm_vaults_ring_square,
          serial_shops, nicolae_shop_behind_doors
Crypt:2:  serial_sigils_hangedman_snap, corner_web_ring, kb_skeletal_archery
Crypt:3:  church_of_pain_bobbens
Depths:1: hell_entry, minmay_stone_trees_small, minmay_holes,
          minmay_misc_feat_cross, minmay_serpent_palace, uniq_norris
Bazaar:   bazaar_jpeg_ribbon
Trove:    trove_simple
Ossuary:  ossuary_tomb_2


Message History

The shadow slips into darkness for a moment.
The shadow wraith barely misses you.
Unknown command.
Your surroundings suddenly seem different.
A shadow wraith comes into view.
The shadow wraith gives a chilling moan. 3 skeletal warriors, a phantasmal warrior and a spectral thing come into view.
Read which item? (? for menu, Esc to quit)
Charge which item? (? for menu, Esc to quit)
As you read the scroll of recharging, it crumbles to dust.
Your wand of teleportation (0) glows for a moment and now has 6 charges.
The shadow wraith hits you. The shadow wraith drains your vigor!
You feel as though you will be slow longer.
* * * LOW HITPOINT WARNING * * *
The skeletal warrior hits you but does no damage.
The shadow wraith hits you.
* * * LOW HITPOINT WARNING * * *
The shadow wraith drains your vigor!
You feel as though you will be slow longer.
* * * LOW HITPOINT WARNING * * *
The phantasmal warrior blinks!
A skeletal warrior comes into view. It is wielding a battleaxe.
The shadow wraith closely misses you.
The phantasmal warrior blinks!
The skeletal warrior completely misses you.
There is an open door here.
The phantasmal warrior blinks!
The shadow wraith barely misses you.
A wraith comes into view.
Evoke which item? (* to show all) (? for menu, Esc to quit)
Zapping:
O - a wand of teleportation (6)
Press: ? - help, Shift-Dir - straight line, f - you You feel strangely unstable.
This wand has 5 charges left.
The shadow wraith hits you!!
* * * LOW HITPOINT WARNING * * *
The shadow wraith drains your vigor!
You feel as though you will be slow longer.
* * * LOW HITPOINT WARNING * * *
The shadow wraith misses you.
Casting: Sticky Flame
Confirm with . or Enter, or press ? or * to list all spells.
Your skin crawls.
The shadow wraith barely misses you.
A skeletal warrior comes into view. It is wielding a flail.
You barely miss the shadow wraith. The shadow wraith misses you.
The shadow wraith closely misses you.
Unknown command.
You completely miss the shadow wraith.
Your surroundings suddenly seem different.
Found five items.
A hungry ghost comes into view.
Unknown command.
You slice the hungry ghost!!
The hungry ghost convulses!
You destroy the hungry ghost!
Vehumet accepts your kill.
You feel your power returning.
Unknown command.
Casting: Regeneration
Confirm with . or Enter, or press ? or * to list all spells.
Your skin crawls.
A spectral stone giant comes into view.
The spectral stone giant moves out of view.
You start resting.
Marking area around the curse skull as unsafe for travelling.
A bog body and a curse skull come into view.
The curse skull rattles its jaw.
The bog body moves out of view.
Found 11 gold pieces and a runed glaive.
The phantasmal warrior blinks!
Unknown command.
Evoke which item? (* to show all) (? for menu, Esc to quit)
Okay, then.
Unknown command.
Put on which piece of jewellery? (? for menu, Esc to quit)
You're wearing all the rings you can.
Remove which one? (? for menu, Esc to cancel) < or
m - a ring of protection from magic > or
i - a ring of see invisible You remove your ring of see invisible.
You feel slightly jumpy.
t - a ring of teleportation (right hand) Unknown command.
Use which ability? (? or * to list)
You feel strangely unstable.
You feel quite a bit more hungry.
You feel a bit more experienced. The phantasmal warrior misses you.
Unknown command.
Your surroundings suddenly seem different.
A lich comes into view.
The lich shouts!
The anaconda zombie grabs you.
The anaconda zombie bites you but does no damage.
The anaconda zombie constricts you. The wolf spider simulacrum hits you!
* * * LOW HITPOINT WARNING * * *
The wolf spider simulacrum freezes you! You resist.
* * * LOW HITPOINT WARNING * * *
The wolf spider simulacrum bites you.
* * * LOW HITPOINT WARNING * * *
The wolf spider simulacrum freezes you! You resist.
* * * LOW HITPOINT WARNING * * *
A revenant comes into view.
The revenant gestures at you while chanting.
The ghostly flame explodes!
The ghostly fireball engulfs you!
You die...

#......####
#......# #
#...#### L#
#......# ..
##.....#
#######'#
#.....#
#⌠......#
#######
#.......#
#..ZL...#
#...@W..#
#p..ZZZ.#
##
#####'###
##⌠ W# ⌠.##
.# 8.... .#
...... ..
....... .#
....... .
#......


You could see a revenant, a lich, 2 phantasmal warriors, a necromancer, a wolf
spider simulacrum, a stone giant simulacrum, an anaconda zombie and a
seven-headed hydra zombie.

Table legend:
 A = Kills in this place as a percentage of kills in entire the game.
 B = Kills by you in this place as a percentage of kills by you in the entire game.
 C = Kills by friends in this place as a percentage of kills by friends in the entire game.
 D = Other kills in this place as a percentage of other kills in the entire game.
 E = Experience gained in this place as a percentage of experience gained in the entire game.
 F = Experience gained in this place divided by the number of levels of this place that you have seen.
                   A       B       C       D       E      F
               +-------+-------+-------+-------+-------+----------------------
         Total | 100.0 | 100.0 | 100.0 | 100.0 | 100.0 | 12636.1
       Dungeon |  21.5 |  23.6 |   0.0 |  50.0 |   9.4 | 4042.1
  Orcish Mines |  12.0 |  13.2 |   0.0 |   0.0 |   2.1 | 3360.2
   Elven Halls |   2.9 |   2.9 |   2.5 |   0.0 |   4.2 | 13477.0
          Lair |  15.4 |  16.9 |   0.0 |   0.0 |  12.5 | 10071.4
         Swamp |   8.1 |   7.8 |  10.9 |  50.0 |   9.5 | 12207.6
     Snake Pit |  10.6 |   9.1 |  26.2 |   0.0 |  15.8 | 20308.2
        Vaults |  16.4 |  13.5 |  46.0 |   0.0 |  26.1 | 41996.2
         Crypt |   7.6 |   8.2 |   2.0 |   0.0 |  13.4 | 28888.3
        Depths |   4.1 |   3.2 |  12.4 |   0.0 |   7.0 | 45174.0
       Ossuary |   1.6 |   1.7 |   0.0 |   0.0 |   0.1 | 441.0
               +-------+-------+-------+-------+-------+----------------------

Vanquished Creatures
  Asterion (Vaults:3)
  A large abomination (Vaults:2)
  A storm dragon (Vaults:4)
  A tengu reaver (Vaults:2)
  Agnes (Elf:1)
  6 greater nagas
  A frost giant (Vaults:2)
  A fire giant (Depths:1)
  Maud (Elf:1)
  An orc warlord (Orc:4)
  5 vault wardens
  3 very ugly things
  Gastronok (D:8)
  3 ghouls
  2 deep elf demonologists
  A reaper (D:15)
  2 stone giants
  A vampire knight (Crypt:3)
  A spectral titan (Crypt:3)
  2 deep elf annihilators
  Snorg (Elf:1)
  2 deep elf death magi (Vaults:3)
  4 fire dragons
  3 ettins
  6 jiangshi
  5 eidola
  10 ironheart preservers
  A vault guard (Vaults:4)
  9 yaktaur captains
  17 hydras
  2 rakshasas (Depths:1)
  15 naga warriors
  A spectral shadow dragon (Crypt:3)
  5 centaur warriors
  A shambling mangrove (Swamp:4)
  3 ghost crabs
  12 ogre magi
  9 anacondas
  The ghost of magipi the Infuser, a powerful HECj of Vehumet (Lair:1)
  The ghost of magipi the Arsonist, an experienced HOFE of Vehumet (D:8)
  5 alligators
  A deep troll shaman (Vaults:3)
  23 death yaks
  4 ice dragons
  2 shock serpents
  2 tengu warriors
  3 death knights
  A deep troll earth mage (Vaults:4)
  5 vampire magi
  13 naga sharpshooters
  An orc high priest (Orc:4)
  A spectral storm dragon (Crypt:3)
  4 spriggans
  Nergalle (Lair:5)
  A quicksilver dragon simulacrum (Crypt:1)
  4 fire crabs
  4 catoblepae
  4 unseen horrors
  2 salamander mystics
  10 shadow wraiths (Crypt:3)
  28 skeletal warriors
  11 deep elf knights
  3 wizards
  A spriggan druid (Swamp:4)
  5 harpies
  5 deep trolls
  5 swamp dragons
  4 deep elf summoners
  6 flayed ghosts
  Erolcha (Orc:1)
  5 naga ritualists
  A hill giant (shapeshifter) (Vaults:2)
  3 hill giants
  A lindwurm (shapeshifter) (D:14)
  Pikel (D:6)
  4 lindwurms
  6 ironbrand convokers
  4 giant orange brains
  8 mana vipers
  5 deep elf conjurers
  9 orc knights
  A wolf spider zombie (D:14)
  5 griffons
  A stone giant zombie (Crypt:1)
  5 necromancers
  6 orc sorcerers
  4 oklob plants (Lair:7)
  An iron dragon skeleton (Crypt:3)
  3 wolf spiders
  15 phantasmal warriors
  A guardian serpent (Depths:1)
  5 salamanders
  A spectral fire dragon (Crypt:3)
  A frost giant zombie (D:15)
  29 ugly things
  4 manticores
  An octopode (shapeshifter) (Vaults:3)
  4 red wasps
  5 cyclopes
  A moth of wrath (Snake:5)
  A frost giant skeleton (Crypt:3)
  A draconian (shapeshifter) (Vaults:4)
  20 naga magi
  10 elephants
  2 centaur zombies
  Joseph (D:8)
  8 vault sentinels
  32 black mambas
  An elephant (shapeshifter) (Vaults:3)
  A centaur skeleton (D:13)
  An item mimic (Lair:6)
  2 gargoyles
  A dire elephant zombie (Crypt:3)
  A storm dragon simulacrum (Vaults:3)
  18 yaktaurs
  13 komodo dragons
  An emperor scorpion zombie (Crypt:1)
  A spriggan zombie (D:15)
  26 spiny frogs
  A redback zombie (Vaults:4)
  A small abomination (Vaults:1)
  A death yak skeleton (Crypt:1)
  9 deep elf priests
  4 fire drakes
  A guardian mummy (D:15)
  A tengu conjurer (D:14)
  9 freezing wraiths
  3 kobold demonologists (D:14)
  22 slime creatures
  20 two-headed ogres
  4 silent spectres
  A mana viper skeleton (Crypt:2)
  Sonja (Elf:1)
  2 wind drakes (shapeshifter)
  3 boulder beetles
  A polar bear (shapeshifter) (Vaults:2)
  Prince Ribbit (D:6)
  A polar bear (Lair:6)
  12 blink frogs
  A fire dragon zombie (Crypt:3)
  An alligator zombie (Crypt:3)
  4 baby alligators
  A satyr zombie (Crypt:2)
  9 trolls
  A fire giant simulacrum (Crypt:1)
  10 giant leeches
  15 ravens
  8 bog bodies
  18 deep elf magi
  A deep troll zombie (D:15)
  An ettin zombie (D:15)
  A minotaur skeleton (Crypt:3)
  A basilisk (shapeshifter) (Vaults:3)
  4 wyverns
  4 basilisks
  12 wraiths
  4 vampires
  6 redbacks
  10 flying skulls
  A dire elephant simulacrum (Crypt:3)
  6 hungry ghosts
  A redback simulacrum (Vaults:2)
  Eustachio (D:6)
  A human (shapeshifter) (Depths:1)
  12 shadows
  A hippogriff (shapeshifter) (Vaults:3)
  A queen ant zombie (Crypt:2)
  29 deep elf fighters
  8 hippogriffs
  Grum (Orc:3)
  33 vampire mosquitoes
  56 yaks
  2 hogs (shapeshifter)
  3 steam dragons
  5 wargs
  70 nagas
  21 wolves
  A yaktaur simulacrum (Vaults:3)
  2 mottled dragons
  Edmund (D:7)
  41 water moccasins
  25 swamp worms
  5 sky beasts
  A tengu skeleton (D:13)
  2 slaves (D:6)
  4 ice beasts
  2 yellow wasps
  A gelid demonspawn skeleton (Crypt:2)
  34 orc warriors
  11 swamp drakes
  11 porcupines
  2 black bears
  40 ogres
  4 phantoms
  2 necrophages (D:12)
  The ghost of magipi the Firebug, an average HOFE (D:3)
  16 crocodiles
  A centaur (shapeshifter) (Vaults:2)
  A boring beetle (Lair:7)
  2 elf zombies
  Sigmund (D:7)
  Duvessa (D:7)
  10 centaurs
  A boring beetle (shapeshifter) (Vaults:4)
  A big kobold (D:8)
  Blork the orc (D:7)
  19 giant frogs
  A cyclops zombie (D:13)
  2 elf skeletons (D:5)
  5 water moccasin zombies
  2 deep troll simulacra (Vaults:3)
  4 insubstantial wisps (Swamp:4)
  2 scorpions
  An eye of draining (shapeshifter) (D:15)
  A water moccasin skeleton (Crypt:3)
  A cyclops skeleton (D:13)
  A wyvern skeleton (D:9)
  10 killer bees
  2 hippogriff zombies
  12 wights
  4 eyes of draining
  A troll skeleton (Crypt:1)
  A hippogriff skeleton (D:13)
  3 electric eels
  9 crimson imps
  2 goliath beetles
  Dowan (D:7)
  9 jellies
  A quasit (D:5)
  4 human zombies
  A human simulacrum (Vaults:3)
  30 orc priests
  Crazy Yiuf (D:7)
  A formicid zombie (Crypt:2)
  2 giant frog skeletons
  A gnoll shaman (D:4)
  13 hounds
  36 orc wizards
  11 human skeletons
  A kobold skeleton (D:11)
  10 iguanas
  A spectral orc (Lair:5)
  3 basilisk skeletons
  An orange rat (Vaults:3)
  11 worker ants
  2 mottled dragon zombies
  A brain worm zombie (D:8)
  39 sheep
  A crocodile zombie (Crypt:2)
  2 ogre zombies
  Ijyb (D:2)
  2 big kobold zombies (Ossuary)
  A sky beast zombie (Crypt:3)
  3 mummies
  A hound zombie (D:5)
  A worker ant zombie (D:11)
  35 adders
  11 gnolls
  3 scorpion zombies
  4 shadow imps
  40 green rats
  A swamp drake skeleton (Crypt:3)
  3 giant mites (D:5)
  3 worms
  An ufetubus (D:6)
  A halfling zombie (Crypt:2)
  An adder skeleton (D:5)
  2 adder zombies (Ossuary)
  6 giant geckos
  4 oozes
  218 orcs
  7 ball pythons
  18 bats
  5 giant cockroaches
  11 hobgoblins
  3 jackals (D:2)
  32 kobolds
  18 quokkas
  A ball python zombie (Crypt:1)
  A giant cockroach zombie (Crypt:2)
  7 giant newts
  A gnoll skeleton (Crypt:2)
  4 gnoll zombies (Ossuary)
  24 goblins
  5 hobgoblin zombies (Ossuary)
  A jackal skeleton (Crypt:1)
  7 kobold zombies (Ossuary)
  4 orc skeletons
  9 orc zombies (Ossuary)
  16 rats
  A rat zombie (D:6)
  5 ballistomycetes (D:10)
  2 briar patches (Swamp:5)
  A butterfly (Lair:7)
  A crawling corpse (Elf:1)
  13 fungi
  14 plants
2091 creatures vanquished.

Vanquished Creatures (collateral kills)
  Rupert (Swamp:1)
  A shadow dragon (Vaults:4)
  A thorn hunter (Swamp:5)
  A revenant (Crypt:3)
  4 greater nagas
  Wiglaf (Swamp:4)
  Aizul (Snake:5)
  An emperor scorpion (Depths:1)
  2 very ugly things (Depths:1)
  5 stone giants
  An ettin (Vaults:4)
  2 yaktaur captains
  A deep elf death mage (Vaults:3)
  4 ironheart preservers
  2 fire dragons
  5 hydras
  5 naga warriors
  2 rakshasas (Vaults:2)
  3 anacondas
  2 ogre magi
  A deep troll shaman (Vaults:4)
  6 naga sharpshooters
  2 fire crabs
  A shadow wraith (Vaults:4)
  A fire crab (shapeshifter) (Depths:1)
  A skeletal warrior (Vaults:3)
  2 deep elf knights (Elf:2)
  A salamander mystic (Snake:4)
  An orc knight (Vaults:1)
  A swamp dragon (Swamp:5)
  2 deep trolls
  3 ironbrand convokers
  A harpy (shapeshifter) (Vaults:2)
  A deep elf conjurer (Vaults:3)
  3 naga ritualists (Snake:5)
  6 salamanders
  2 harpies (Vaults:2)
  2 phantasmal warriors
  A red wasp (shapeshifter) (Depths:1)
  2 mana vipers (Snake:4)
  6 ugly things
  5 black mambas
  An eye of devastation (shapeshifter) (Vaults:2)
  2 vault sentinels
  3 guardian serpents (Depths:1)
  A spiny frog (Swamp:5)
  7 naga magi
  8 yaktaurs
  2 deep elf priests
  A demonic crawler (Vaults:3)
  A fire drake (Swamp:5)
  7 slime creatures
  2 deep elf magi (Vaults:3)
  4 two-headed ogres
  A blink frog (shapeshifter) (Vaults:2)
  2 shadows (Crypt:3)
  5 redbacks (Vaults:4)
  A hog (shapeshifter) (Vaults:3)
  A flying skull (Vaults:3)
  A tarantella (Vaults:3)
  5 deep elf fighters
  2 vampire mosquitoes (Swamp:5)
  18 nagas
  3 swamp drakes (Swamp:5)
  A water moccasin (Snake:4)
  3 orc warriors (Vaults:4)
  14 ogres
  A lava snake (Swamp:5)
  5 human skeletons (Vaults:4)
  An orc priest (Vaults:4)
  An orange rat (Vaults:3)
  5 orcs
  A crawling corpse (Elf:1)
206 creatures vanquished.

Vanquished Creatures (others)
  A very ugly thing zombie (Depths:1)
  A hydra (Swamp:5)
  2 anaconda skeletons
  2 wolf spider zombies
  3 ugly thing zombies
  A stone giant zombie (Vaults:3)
  A tengu skeleton (Vaults:2)
  A death yak zombie (Lair:5)
  A redback zombie (Vaults:4)
  A harpy zombie (Vaults:3)
  2 fire elementals (Vaults:2)
  A harpy skeleton (Vaults:2)
  3 deep troll zombies
  An ettin zombie (Vaults:3)
  3 hydra skeletons (Swamp:5)
  A red wasp zombie (Vaults:2)
  11 human zombies
  A raven (Swamp:2)
  3 fire dragon skeletons
  An ettin skeleton (Vaults:4)
  3 black mamba zombies (Depths:1)
  2 ice dragon skeletons
  A vampire mosquito (Swamp:5)
  3 black mamba skeletons
  6 elf skeletons
  A steam dragon (Swamp:5)
  A spiny frog zombie (Swamp:5)
  2 deep troll skeletons (Vaults:4)
  6 ogre skeletons
  A swamp dragon zombie (Swamp:5)
  4 swamp drakes (Swamp:5)
  A ghost crab zombie (Crypt:2)
  A lindwurm zombie (Depths:1)
  An ogre (D:6)
  A fire drake zombie (Swamp:5)
  A sky beast (D:6)
  5 vampire mosquito zombies
  A slave (D:6)
  A fire drake skeleton (Swamp:5)
  A fire crab zombie (Vaults:4)
  9 lost souls
  9 yaktaur zombies
  3 yaktaur skeletons (Vaults:3)
  A cyclops zombie (Vaults:2)
  A wyvern zombie (D:15)
  A troll skeleton (Elf:1)
  10 human skeletons
  A water moccasin zombie (Depths:1)
  A boulder beetle zombie (Vaults:2)
  A yak skeleton (Lair:5)
  A water moccasin skeleton (Snake:4)
  6 elf zombies
  7 two-headed ogre zombies
  2 two-headed ogre skeletons
  29 naga zombies
  26 naga skeletons
  21 ogre zombies
  2 swamp drake zombies (Swamp:5)
  An adder (D:6)
  A green rat (D:6)
  8 orc zombies
  A swamp drake skeleton (Swamp:5)
  3 adder zombies (Depths:1)
  An adder skeleton (Depths:1)
  2 orcs
  A ball python zombie (Depths:1)
  3 giant spores (D:10)
  2 orc skeletons
  A rat (D:6)
  A crawling corpse (Vaults:3)
  24 fungi
  19 plants
283 creatures vanquished.

Grand Total: 2580 creatures vanquished

Notes
Turn   | Place    | Note
--------------------------------------------------------------
     0 | D:1      | magipi, the Hill Orc Fire Elementalist, began the quest for the Orb.
     0 | D:1      | Reached XP level 1. HP: 14/14 MP: 2/2
   268 | D:1      | Reached XP level 2. HP: 12/20 MP: 0/3
  1186 | D:2      | Reached XP level 3. HP: 23/26 MP: 1/6
  1239 | D:2      | Learned a level 3 spell: Conjure Flame
  1880 | D:2      | Reached XP level 4. HP: 30/33 MP: 5/8
  1891 | D:2      | Found a shimmering altar of Xom.
  2004 | D:2      | Noticed Ijyb
  2118 | D:2      | Killed Ijyb
  2118 | D:2      | Reached skill level 4 in Fire Magic
  2169 | D:2      | Found a sparkling altar of Nemelex Xobeh.
  2443 | D:3      | Noticed magipi's ghost (average HOFE)
  2673 | D:3      | Reached XP level 5. HP: 36/38 MP: 3/9
  2699 | D:3      | Learned a level 4 spell: Sticky Flame
  3070 | D:3      | Found a blossoming altar of Fedhas.
  3359 | D:4      | Found a glowing silver altar of Zin.
  3359 | D:4      | Noticed an angel
  3380 | D:4      | Reached XP level 6. HP: 35/45 MP: 7/11
  3435 | D:4      | Noticed an ogre
  3453 | D:4      | Killed an ogre
  3583 | D:3      | Reached skill level 5 in Conjurations
  3798 | D:3      | Reached skill level 5 in Fire Magic
  4403 | D:4      | Reached XP level 7. HP: 46/50 MP: 5/12
  5116 | D:5      | Entered Level 5 of the Dungeon
  5443 | D:5      | Found a staircase to the Ecumenical Temple.
  5459 | Temple   | Entered the Ecumenical Temple
  5476 | Temple   | Became a worshipper of Vehumet
  5630 | D:5      | Reached skill level 6 in Conjurations
  5637 | D:5      | Found a sand-covered staircase.
  5664 | Ossuary  | Entered an ossuary
  5829 | Ossuary  | Reached skill level 1 in Fighting
  6049 | Ossuary  | Reached XP level 8. HP: 34/59 MP: 4/14
  6258 | Ossuary  | Acquired Vehumet's first power
  6258 | Ossuary  | Offered knowledge of Shock by Vehumet.
  6705 | D:5      | Found a white marble altar of Elyvilon.
  6706 | D:5      | Found a burning altar of Makhleb.
  6769 | D:6      | Noticed a troll
  6783 | D:6      | Killed a troll
  6918 | D:6      | Noticed Pikel
  6931 | D:6      | Killed Pikel
  6931 | D:6      | Reached skill level 5 in Fighting
  6931 | D:6      | Reached XP level 9. HP: 70/75 MP: 9/15
  7322 | D:6      | Noticed Prince Ribbit
  7472 | D:6      | Killed Prince Ribbit
  7472 | D:6      | Offered knowledge of Magic Dart by Vehumet.
  7494 | D:6      | Noticed Eustachio
  7517 | D:6      | Reached skill level 7 in Fighting
  7553 | D:7      | Found a bloodstained altar of Trog.
  7596 | D:7      | Noticed Sigmund
  7611 | D:7      | Killed Sigmund
  7658 | D:7      | Reached skill level 5 in Dodging
  8295 | D:7      | Reached skill level 8 in Fighting
  8468 | D:7      | Noticed Dowan
  8469 | D:7      | Noticed Duvessa
  8508 | D:7      | Killed Dowan
  8554 | D:7      | Killed Duvessa
  8786 | D:7      | Noticed Blork the orc
  8800 | D:7      | Killed Blork the orc
  8928 | D:8      | Noticed Edmund
  8945 | D:7      | Killed Edmund
  8945 | D:7      | Reached skill level 9 in Fighting
  8945 | D:7      | Reached XP level 10. HP: 89/91 MP: 1/17
  9115 | D:7      | Noticed Crazy Yiuf
  9128 | D:7      | Killed Crazy Yiuf
  9306 | D:8      | Noticed magipi's ghost (experienced HOFE)
  9425 | D:9      | Reached skill level 1 in Armour
  9475 | D:9      | Found Exieziaj's Jewellery Shoppe.
  9994 | D:8      | Offered knowledge of Static Discharge by Vehumet.
 10060 | D:8      | Noticed Gastronok
 10132 | D:8      | Noticed Joseph
 10146 | D:8      | Killed Joseph
 10149 | D:8      | Found a burning altar of Makhleb.
 10505 | D:9      | Acquired Vehumet's second power
 10617 | D:10     | Entered Level 10 of the Dungeon
 10931 | D:10     | Reached skill level 1 in Axes
 10951 | D:10     | Reached skill level 5 in Armour
 11138 | D:10     | Found a staircase to the Lair.
 12060 | D:11     | Offered knowledge of Iskenderun's Mystic Blast by Vehumet.
 12060 | D:11     | Reached skill level 5 in Axes
 12398 | D:11     | Reached XP level 11. HP: 89/97 MP: 14/21
 12420 | D:11     | Found Triafi's Weapon Emporium.
 12421 | D:11     | Found a staircase to the Orcish Mines.
 12478 | D:11     | Found Xokhlet's Food Emporium.
 12529 | D:11     | Noticed a green ugly thing
 12547 | D:11     | Killed a green ugly thing
 12963 | D:9      | Found Giapsacs' Assorted Antiques.
 12970 | D:9      | Bought a scroll of teleportation for 78 gold pieces
 12970 | D:9      | Bought a scroll labeled ANEOCIOTUE for 26 gold pieces
 12970 | D:9      | Bought a cyan potion for 23 gold pieces
 12970 | D:9      | Bought 2 scrolls of identify for 104 gold pieces
 12970 | D:9      | Bought a scroll of identify for 52 gold pieces
 12970 | D:9      | Bought a scroll of identify for 52 gold pieces
 12970 | D:9      | Bought a runed chain mail for 117 gold pieces
 13183 | D:9      | Bought an uncursed ring of protection from cold for 275 gold pieces
 13303 | Lair:1   | Entered Level 1 of the Lair of Beasts
 13336 | Lair:1   | Noticed magipi's ghost (powerful HECj)
 13899 | D:12     | Reached skill level 10 in Axes
 13967 | D:12     | Acquired Vehumet's third power
 14011 | D:12     | Reached skill level 11 in Axes
 14431 | D:12     | Offered knowledge of Throw Icicle by Vehumet.
 14804 | D:12     | Reached skill level 12 in Axes
 14868 | Orc:1    | Entered Level 1 of the Orcish Mines
 15252 | Orc:1    | Noticed Erolcha
 15325 | D:9      | Bought a cursed ring of teleportation for 159 gold pieces
 15325 | D:9      | Bought a cursed amulet of inaccuracy for 22 gold pieces
 15493 | Lair:1   | Offered knowledge of Conjure Ball Lightning by Vehumet.
 15493 | Lair:1   | Reached skill level 1 in Evocations
 15867 | Lair:1   | Reached XP level 12. HP: 68/104 MP: 20/22
 16060 | Lair:2   | Learned a level 5 spell: Fireball
 16403 | Lair:2   | Reached skill level 5 in Evocations
 18195 | Lair:3   | Found a staircase to the Snake Pit.
 18859 | Lair:4   | Noticed a seven-headed hydra
 18885 | Lair:4   | Killed a seven-headed hydra
 19114 | Lair:4   | Offered knowledge of Poison Arrow by Vehumet.
 19580 | Lair:5   | Noticed Nergalle
 20262 | Lair:5   | Noticed a death yak
 20262 | Lair:5   | Noticed a death yak
 20262 | Lair:5   | Noticed a death yak
 20710 | Lair:6   | Reached XP level 13. HP: 97/111 MP: 23/25
 20945 | Lair:6   | Reached skill level 13 in Axes
 21233 | Lair:6   | Noticed a death yak
 21233 | Lair:6   | Noticed a death yak
 21234 | Lair:6   | Noticed a death yak
 21260 | Lair:6   | Killed a death yak
 21263 | Lair:6   | Killed a death yak
 21263 | Lair:6   | Reached skill level 14 in Axes
 21290 | Lair:6   | Noticed a death yak
 21301 | Lair:6   | Killed a death yak
 21305 | Lair:6   | Killed a death yak
 21662 | Lair:6   | Noticed a death yak
 21677 | Lair:6   | Killed a death yak
 22053 | Lair:7   | Offered knowledge of Delayed Fireball by Vehumet.
 22256 | Lair:7   | Learned a level 7 spell: Delayed Fireball
 22810 | Lair:7   | Reached skill level 10 in Fire Magic
 23087 | Lair:7   | Reached skill level 10 in Conjurations
 23785 | Lair:8   | Entered Level 8 of the Lair of Beasts
 23851 | Lair:8   | Reached skill level 1 in Throwing
 24124 | Lair:8   | Reached skill level 5 in Spellcasting
 24286 | Lair:8   | Reached XP level 14. HP: 64/118 MP: 20/26
 24690 | Lair:8   | Offered knowledge of Ozocubu's Refrigeration by Vehumet.
 27522 | Lair:8   | Offered knowledge of Bolt of Fire by Vehumet.
 27766 | Lair:8   | Reached skill level 5 in Throwing
 28590 | Lair:8   | Got a shimmering ivory ring
 28592 | Lair:8   | Identified the ring of Ytikhae {+Inv +Fly Str+2 Stlth+} (You found it on level 8 of the Lair of Beasts)
 28939 | Lair:5   | Noticed a death yak
 29170 | Lair:5   | Found a staircase to the Swamp.
 29215 | Lair:5   | Killed Nergalle
 29463 | Lair:1   | Reached XP level 15. HP: 111/124 MP: 28/28
 29550 | D:11     | Noticed an unseen horror
 29557 | D:11     | Killed an unseen horror
 29790 | Orc:1    | Killed Erolcha
 30078 | Orc:3    | Offered knowledge of Freezing Cloud by Vehumet.
 30247 | Orc:3    | Noticed Grum
 30256 | Orc:3    | Killed Grum
 30342 | Orc:4    | Entered Level 4 of the Orcish Mines
 30463 | Orc:4    | Found a roughly hewn altar of Beogh.
 30463 | Orc:4    | Found Kluju's Magic Scroll Emporium.
 30550 | Orc:4    | Found a roughly hewn altar of Beogh.
 30681 | Orc:4    | Found a staircase to the Elven Halls.
 30823 | Orc:4    | Found a roughly hewn altar of Beogh.
 31065 | Orc:4    | Found a roughly hewn altar of Beogh.
 31127 | Orc:4    | Found Mocaomm's Gadget Boutique.
 31141 | Orc:4    | Bought a wand of disintegration (14) for 288 gold pieces
 31141 | Orc:4    | Bought a wand of frost (4) for 48 gold pieces
 31219 | Orc:4    | Offered knowledge of Iron Shot by Vehumet.
 31807 | Orc:4    | Reached skill level 10 in Fighting
 31975 | Orc:4    | Found a roughly hewn altar of Beogh.
 31975 | Orc:4    | Found Toufasch's Antique Weapon Boutique.
 31979 | Orc:4    | Found Twunou's Antique Armour Shop.
 32443 | Orc:3    | Learned a level 6 spell: Iron Shot
 32820 | Orc:4    | Bought a pair of embroidered gloves for 180 gold pieces
 32820 | Orc:4    | Bought a heavily runed leather armour for 280 gold pieces
 32820 | Orc:4    | Bought an embroidered cloak for 180 gold pieces
 32820 | Orc:4    | Bought a glowing cloak for 180 gold pieces
 32838 | Orc:4    | Identified the +4 leather armour of Frepuf {rF+} (You bought it in a shop on level 4 of the Orcish Mines)
 32966 | Orc:4    | Bought a scroll of identify for 30 gold pieces
 33074 | D:11     | Offered knowledge of Lehudib's Crystal Spear by Vehumet.
 33074 | D:11     | Offered knowledge of Fire Storm by Vehumet.
 33074 | D:11     | Offered knowledge of Glaciate by Vehumet.
 34536 | D:13     | Found a gate to the Vaults.
 34950 | D:14     | Found a portal to a secret trove of treasure.
 35181 | D:14     | Found a shimmering altar of Xom.
 35579 | D:15     | Entered Level 15 of the Dungeon
 35797 | D:15     | Found Ylanitalu's Assorted Antiques.
 36245 | D:15     | Found Priapnud's Armour Shoppe.
 36326 | D:15     | Found Ymeseof's Gadget Shop.
 36344 | D:15     | Reached XP level 16. HP: 134/134 MP: 29/29
 36440 | D:15     | Found Erain's Distillery.
 37020 | D:8      | Killed magipi's ghost
 37186 | D:8      | Killed Gastronok
 37331 | D:6      | Killed Eustachio
 37686 | D:5      | Found a bloodstained altar of Trog.
 37959 | D:3      | Killed magipi's ghost
 38175 | Lair:1   | Killed magipi's ghost
 38664 | Lair:5   | Killed a death yak
 39653 | Lair:7   | Found a viscous altar of Jiyva.
 39653 | Lair:7   | Found a staircase to the Slime Pits.
 39806 | Swamp:1  | Entered Level 1 of the Swamp
 39866 | Swamp:1  | Noticed Rupert
 39880 | Swamp:1  | Killed Rupert
 40072 | Swamp:1  | Learned a level 6 spell: Haste
 41931 | Swamp:2  | Found a glowing golden altar of the Shining One.
 42488 | Swamp:3  | Reached skill level 10 in Dodging
 44150 | Swamp:4  | Reached skill level 1 in Charms
 45281 | Swamp:4  | Got a brightly glowing robe
 45289 | Swamp:4  | Reached skill level 10 in Evocations
 45306 | Swamp:4  | Identified the +2 robe of the Ditch-Digger {rN+} (You found it on level 4 of the Swamp)
 45322 | Swamp:4  | Noticed Wiglaf
 45332 | Swamp:4  | Killed Wiglaf
 45404 | Swamp:5  | Entered Level 5 of the Swamp
 45419 | Swamp:4  | Reached XP level 17. HP: 134/140 MP: 32/32
 47365 | Snake:1  | Entered Level 1 of the Snake Pit
 49139 | Snake:2  | Reached skill level 5 in Charms
 50154 | Snake:2  | Noticed Vashnia
 50403 | Snake:2  | Noticed Jorgrun
 50853 | Snake:3  | Found a flickering gateway to a bazaar.
 50862 | Bazaar   | Entered a bazaar
 50864 | Bazaar   | Found Fuafyx's Book Shoppe.
 50873 | Bazaar   | Found Ybbijura's Assorted Antiques.
 51179 | Bazaar   | Found Pru Psausi's Book Emporium.
 51200 | Bazaar   | Found Tymeddij's Jewellery Shop.
 51224 | Bazaar   | Bought an uncursed ring of poison resistance for 260 gold pieces
 51275 | Bazaar   | Bought a book of Necromancy for 360 gold pieces
 51279 | Bazaar   | Learned a level 1 spell: Animate Skeleton
 51291 | Bazaar   | Bought an uncursed ring of protection from fire for 325 gold pieces
 51326 | Bazaar   | Bought a brass wand for 84 gold pieces
 51660 | Snake:3  | Reached skill level 1 in Necromancy
 52108 | Snake:3  | Reached skill level 10 in Spellcasting
 53011 | Snake:4  | Learned a level 4 spell: Animate Dead
 53531 | Snake:5  | Entered Level 5 of the Snake Pit
 53995 | Snake:5  | Reached XP level 18. HP: 45/147 MP: 28/34
 55780 | Snake:5  | Learned a level 3 spell: Regeneration
 57133 | Snake:5  | Reached skill level 5 in Necromancy
 57974 | Snake:5  | Noticed Aizul
 58742 | Snake:5  | Got a serpentine rune of Zot
 58933 | Snake:5  | Killed Aizul
 59012 | Snake:5  | Reached skill level 5 in Stealth
 59797 | Swamp:5  | Got a decaying rune of Zot
 60161 | Swamp:5  | Noticed a thorn hunter
 60170 | Swamp:5  | Killed a thorn hunter
 60499 | Lair:5   | Killed a death yak
 60503 | Lair:5   | Killed a death yak
 60924 | Vaults:1 | Entered Level 1 of the Vaults
 61373 | Vaults:1 | Reached XP level 19. HP: 97/154 MP: 13/35
 61380 | Vaults:1 | Reached skill level 10 in Charms
 63061 | Vaults:2 | Found Shasuleo's Weapon Shoppe.
 64367 | Orc:4    | Bought a scroll of acquirement for 780 gold pieces
 64526 | D:14     | You paid a toll of a wand of hasting (9) to enter a treasure trove
 64527 | Trove    | Entered a treasure trove
 64544 | Trove    | Got a steaming lead amulet
 64545 | Trove    | Identified the amulet "Plog" {Spirit rF+ rC+} (You found it in a treasure trove)
 65488 | Vaults:3 | Found a staircase to the Crypt.
 65731 | Vaults:3 | Noticed Asterion
 65756 | Vaults:3 | Killed Asterion
 66372 | Vaults:3 | Reached skill level 15 in Axes
 66398 | Vaults:3 | Reached XP level 20. HP: 125/161 MP: 21/36
 67831 | Vaults:4 | Found Quig's Distillery.
 67871 | Vaults:4 | Bought a potion of heal wounds for 51 gold pieces
 67871 | Vaults:4 | Bought a potion of resistance for 119 gold pieces
 68050 | Vaults:4 | Reached skill level 16 in Axes
 68783 | Vaults:4 | Learned a level 2 spell: Blink
 68786 | Vaults:4 | Learned a level 2 spell: Repel Missiles
 68903 | Vaults:4 | Reached skill level 10 in Armour
 69270 | Vaults:4 | Reached skill level 1 in Translocations
 69374 | Vaults:4 | Got a warped battleaxe
 69375 | Vaults:4 | Identified the +2 battleaxe "Psia" {drain, +Inv rElec} (You took it off an orc on level 4 of the Vaults)
 69454 | Vaults:3 | HP: 1/168 [deep troll shaman[an ironheart preserver] (12)]
 72390 | D:15     | Found a staircase to the Depths.
 73021 | Elf:1    | Entered Level 1 of the Elven Halls
 73059 | Elf:1    | Found a radiant altar of Vehumet.
 73069 | Elf:1    | Noticed Maud
 73082 | Elf:1    | Killed Maud
 73413 | Elf:1    | Noticed Snorg
 73423 | Elf:1    | Your ally Maud died
 73433 | Elf:1    | Killed Snorg
 73555 | Elf:1    | Noticed Agnes
 73590 | Elf:1    | Killed Agnes
 73733 | Elf:1    | Your ally Snorg died
 73854 | Elf:1    | Noticed Sonja
 73866 | Elf:1    | Killed Sonja
 74248 | Elf:2    | Reached XP level 21. HP: 153/174 MP: 30/36
 74930 | Depths:1 | Entered Level 1 of the Depths
 75192 | Depths:1 | Found a gateway to Hell.
 77080 | Depths:1 | Noticed Norris
 78573 | D:9      | Bought an uncursed ring of positive energy for 220 gold pieces
 79570 | Crypt:1  | Entered Level 1 of the Crypt
 79623 | Crypt:1  | Reached skill level 1 in Earth Magic
 80482 | Crypt:1  | Reached skill level 15 in Fire Magic
 81698 | Crypt:2  | Learned a level 1 spell: Apportation
 83478 | Crypt:2  | Identified Vehumet's Collected Works on Toxic Confrontation
 83781 | Crypt:3  | Entered Level 3 of the Crypt
 84156 | Crypt:3  | Reached XP level 22. HP: 142/172 MP: 31/37
 84311 | Crypt:3  | HP: 5/171 [eidolon (15)]
 84812 | Crypt:3  | Found a staircase to the Tomb.
 85071 | Crypt:3  | Paralysed by a vampire knight for 2 turns
 86340 | D:11     | Bought a meat ration for 50 gold pieces
 86340 | D:11     | Bought a meat ration for 50 gold pieces
 86340 | D:11     | Bought a meat ration for 50 gold pieces
 88339 | Crypt:3  | Reached skill level 5 in Earth Magic
 88582 | Crypt:3  | Reached skill level 15 in Conjurations
 88802 | Crypt:3  | Found a basalt altar of Yredelemnul.
 88864 | Crypt:3  | Killed from afar by a revenant

Action                   |  1- 3 |  4- 6 |  7- 9 | 10-12 | 13-15 | 16-18 | 19-21 | 22-24 || total
-------------------------+-------+-------+-------+-------+-------+-------+-------+-------++-------
Melee: Unarmed           |    30 |       |       |       |       |       |       |       ||    30
       Spear             |    61 |    49 |       |       |       |       |       |       ||   110
       Trident           |       |   139 |   379 |   124 |       |       |       |       ||   642
       Dagger            |       |       |    13 |       |       |       |       |       ||    13
       Battleaxe         |       |       |     6 |   570 |   721 |       |    92 |       ||  1389
       Hand axe          |       |       |       |       |   597 |  1970 |  2222 |   217 ||  5006
       Staff             |       |       |       |       |       |    93 |       |       ||    93
       Executioner's axe |       |       |       |       |       |       |       |   292 ||   292
 Fire: Blowgun           |       |       |       |     7 |    25 |    34 |       |       ||    66
 Cast: Flame Tongue      |    50 |    70 |    43 |    28 |     1 |     1 |     3 |       ||   196
       Conjure Flame     |     2 |     4 |    21 |    14 |    27 |    25 |    37 |    24 ||   154
       Sticky Flame      |       |     3 |    39 |   147 |   286 |   313 |   320 |    20 ||  1128
       Fireball          |       |       |       |       |     3 |    90 |   112 |     2 ||   207
       Animate Skeleton  |       |       |       |       |       |    54 |    46 |     1 ||   101
       Animate Dead      |       |       |       |       |       |    28 |    62 |     5 ||    95
       Regeneration      |       |       |       |       |       |    25 |    26 |     4 ||    55
       Repel Missiles    |       |       |       |       |       |       |     7 |       ||     7
       Blink             |       |       |       |       |       |       |     5 |       ||     5
       Haste             |       |       |       |       |       |       |     4 |     3 ||     7
 Abil: Evoke Teleportati |       |       |       |     4 |     3 |     2 |     1 |     1 ||    11
Evoke: Wand              |       |       |     4 |     6 |    19 |    40 |    15 |     6 ||    90
       Phial of floods   |       |       |       |       |       |     2 |     1 |       ||     3
       Lamp of fire      |       |       |       |       |       |       |     3 |       ||     3
  Use: Scroll            |     4 |     5 |     8 |    19 |    12 |    18 |    21 |     3 ||    90
       Potion            |       |       |       |       |     6 |     6 |     9 |     1 ||    22
 Stab: Sleeping          |     1 |     2 |     5 |       |       |     5 |    10 |     2 ||    25
       Distracted        |       |     1 |       |       |       |     4 |    24 |     2 ||    31
       Paralysed         |       |       |       |       |    36 |     7 |     2 |       ||    45
       Confused          |       |       |       |       |       |     1 |       |       ||     1
  Eat: Chunk             |     4 |     9 |     6 |    21 |    19 |    52 |    34 |       ||   145
       Beef jerky        |       |     1 |     2 |    17 |       |     3 |     3 |       ||    26
       Fruit             |       |       |     2 |    11 |    14 |     4 |     2 |     4 ||    37
       Pizza             |       |       |     2 |     2 |     1 |       |     2 |     1 ||     8
       Bread ration      |       |       |     2 |     1 |     8 |     5 |     6 |     1 ||    23
       Meat ration       |       |       |     1 |     1 |     6 |     7 |     9 |     2 ||    26
       Royal jelly       |       |       |       |     1 |       |       |       |       ||     1

Action                   |  1- 3 |  4- 6 |  7- 9 | 10-12 | 13-15 | 16-18 | 19-21 | 22-24 || total
-------------------------+-------+-------+-------+-------+-------+-------+-------+-------++-------
Melee: Unarmed           |    30 |       |       |       |       |       |       |       ||    30
       Spear             |    61 |    49 |       |       |       |       |       |       ||   110
       Trident           |       |   139 |   379 |   124 |       |       |       |       ||   642
       Dagger            |       |       |    13 |       |       |       |       |       ||    13
       Battleaxe         |       |       |     6 |   570 |   721 |       |    92 |       ||  1389
       Hand axe          |       |       |       |       |   597 |  1970 |  2222 |   217 ||  5006
       Staff             |       |       |       |       |       |    93 |       |       ||    93
       Executioner's axe |       |       |       |       |       |       |       |   292 ||   292
 Fire: Blowgun           |       |       |       |     7 |    25 |    34 |       |       ||    66
 Cast: Flame Tongue      |    50 |    70 |    43 |    28 |     1 |     1 |     3 |       ||   196
       Conjure Flame     |     2 |     4 |    21 |    14 |    27 |    25 |    37 |    24 ||   154
       Sticky Flame      |       |     3 |    39 |   147 |   286 |   313 |   320 |    20 ||  1128
       Fireball          |       |       |       |       |     3 |    90 |   112 |     2 ||   207
       Animate Skeleton  |       |       |       |       |       |    54 |    46 |     1 ||   101
       Animate Dead      |       |       |       |       |       |    28 |    62 |     5 ||    95
       Regeneration      |       |       |       |       |       |    25 |    26 |     4 ||    55
       Repel Missiles    |       |       |       |       |       |       |     7 |       ||     7
       Blink             |       |       |       |       |       |       |     5 |       ||     5
       Haste             |       |       |       |       |       |       |     4 |     3 ||     7
 Abil: Evoke Teleportati |       |       |       |     4 |     3 |     2 |     1 |     1 ||    11
Evoke: Wand              |       |       |     4 |     6 |    19 |    40 |    15 |     6 ||    90
       Phial of floods   |       |       |       |       |       |     2 |     1 |       ||     3
       Lamp of fire      |       |       |       |       |       |       |     3 |       ||     3
  Use: Scroll            |     4 |     5 |     8 |    19 |    12 |    18 |    21 |     3 ||    90
       Potion            |       |       |       |       |     6 |     6 |     9 |     1 ||    22
 Stab: Sleeping          |     1 |     2 |     5 |       |       |     5 |    10 |     2 ||    25
       Distracted        |       |     1 |       |       |       |     4 |    24 |     2 ||    31
       Paralysed         |       |       |       |       |    36 |     7 |     2 |       ||    45
       Confused          |       |       |       |       |       |     1 |       |       ||     1
  Eat: Chunk             |     4 |     9 |     6 |    21 |    19 |    52 |    34 |       ||   145
       Beef jerky        |       |     1 |     2 |    17 |       |     3 |     3 |       ||    26
       Fruit             |       |       |     2 |    11 |    14 |     4 |     2 |     4 ||    37
       Pizza             |       |       |     2 |     2 |     1 |       |     2 |     1 ||     8
       Bread ration      |       |       |     2 |     1 |     8 |     5 |     6 |     1 ||    23
       Meat ration       |       |       |     1 |     1 |     6 |     7 |     9 |     2 ||    26
       Royal jelly       |       |       |       |     1 |       |       |       |       ||     1
